 Dungeon Crawl Stone Soup version 0.19-a0-1189-g9dc3488 (webtiles) character file.

642594 Arkorax the Formicid Porcupine (level 27, -5/233 HPs)
             Began as a Formicid Fighter on Aug 19, 2016.
             Was an Elder of Cheibriados.
             Killed from afar by a storm dragon (30 damage)
             ... with a bolt of lightning
             ... on level 5 of the Realm of Zot.
             The game lasted 01:59:52 (68432 turns).

Arkorax the Formicid Porcupine (Formicid Fighter)  Turns: 68432, Time: 01:59:53

Health: -5/233     AC: 22    Str: 38    XL:     27
Magic:  19/35      EV: 26    Int: 20    God:    Cheibriados [****..]
Gold:   1339       SH: 26    Dex: 24    Spells: 1 memorised, 20 levels left

rFire  + + .     SeeInvis +     a - +9 bardiche (elec)
rCold  . . .     Gourm    .     r - +3 fire dragon armour
rNeg   + . .     Faith    +     c - +2 large shield
rPois  .         Spirit   .     (helmet unavailable)
rElec  .         Dismiss  .     (no cloak)
rCorr  .         Reflect  .     F - +0 pair of gloves
MR     ++...     Harm     .     G - +2 pair of boots {Fly}
Stlth  ..........               V - amulet "Anifrihi" {Faith rN+}
                                m - ring of ice
                                H - ring of protection from fire

@: flying, very slow
A: permanent stasis, dig shafts and tunnels, four strong arms, antennae 3
a: Dig, Shaft Self, Bend Time, Temporal Distortion, Slouch, Renounce Religion,
Stop Flying
}: 4/15 runes: serpentine, barnacled, slimy, abyssal


You were on level 5 of the Realm of Zot.
You worshipped Cheibriados.
Cheibriados was greatly pleased with you.
You were not hungry.

You visited 11 branches of the dungeon, and saw 55 of its levels.
You visited the Abyss 2 times.
You also visited: Labyrinth and Trove.

You collected 5738 gold pieces.
You spent 4399 gold pieces at shops.

Inventory:

Hand Weapons
 a - a +9 bardiche of electrocution (weapon)
Missiles
 i - 15 throwing nets (quivered)
Armour
 c - a +2 large shield (worn)
 h - the +3 storm dragon armour "Jauxeth" {*Drain rElec MR+ rCorr}
   (You bought it in a shop on level 2 of the Vaults)

   It insulates you from electricity.
   It affects your resistance to hostile enchantments.
   It protects you from acid and corrosion.
   It causes draining when unequipped.
 r - a +3 fire dragon armour (worn)
 F - a +0 pair of gloves (worn)
 G - a +2 pair of boots of flying (worn)
 J - the +9 chain mail of Repulsion {+Inv rElec Int-2 Stlth+}
   (You found it on level 11 of the Dungeon)

   It affects your intelligence (-2).
   It insulates you from electricity.
   It lets you turn invisible.
   It makes you more stealthy.
 M - the +7 plate armour of Minor Irritation {rN+}
   (You found it on level 2 of the Vaults)

   It protects you from negative energy.
 U - a +2 cloak
 W - the +1 pearl dragon armour "Caitoqi" {+Fly rElec rPois rN+ Int-5}
   (You found it on level 12 of the Dungeon)

   It affects your intelligence (-5).
   It insulates you from electricity.
   It protects you from poison.
   It protects you from negative energy.
   It lets you fly.
Jewellery
 m - a ring of ice (right hand)
 p - an uncursed ring of protection from fire
 u - a cursed ring of loudness {unknown}
 H - a ring of protection from fire (left hand)
 I - an uncursed ring of resist corrosion
 N - a +5 amulet of reflection
 P - an uncursed ring of protection from magic
 S - an uncursed ring of protection from fire
 V - the amulet "Anifrihi" (around neck) {Faith rN+}
   (You found it on level 1 of the Lair of Beasts)

   [amulet of faith]

   It allows you to gain divine favour quickly.
   It protects you from negative energy.
 X - an uncursed ring of magical power
Wands
 g - a wand of lightning (8/15)
 y - a wand of digging (6/24)
 K - a wand of iceblast (6/15)
Scrolls
 l - a scroll of magic mapping
 n - 5 scrolls of fear
 o - 11 scrolls of identify
 q - 2 scrolls of silence
 B - 5 scrolls of fog
 D - 25 scrolls of remove curse
 Y - 11 scrolls of recharging
Potions
 d - 4 potions of might
 s - 5 potions of flight
 v - 8 potions of lignification
 w - a potion of agility
 x - 8 potions of haste
 E - 9 potions of brilliance
 L - 4 potions of degeneration
 O - 4 potions of invisibility
 Q - 2 potions of cancellation
 R - 4 potions of curing
 T - 8 potions of ambrosia
Comestibles
 b - 12 beef jerkies
 f - 4 bread rations
 j - 23 meat rations
 z - 13 royal jellies
 A - 33 fruits
 C - 5 slices of pizza


   Skills:
 + Level 22.9 Fighting
   Level 12.5(21.4) Axes
 O Level 27 Polearms
 - Level 17.4 Armour
 + Level 16.4 Dodging
 - Level 15.0 Shields
 + Level 16.2 Invocations


You had 20 spell levels left.
You knew the following spells:

 Your Spells              Type           Power        Failure   Level  Hunger
a - Freezing Cloud        Conj/Ice/Air   #.........   100%        6    #######


Dungeon Overview and Level Annotations

Branches:
Dungeon (15/15)            Temple (1/1) D:6            Lair (6/6) D:8
 Shoals (4/4) Lair:2        Snake (4/4) Lair:4        Slime (5/5) Lair:5
    Orc (2/2) D:12            Elf (3/3) Orc:2        Vaults (5/5) D:14
  Crypt (0/3) Vaults:2     Depths (5/5) D:15            Zot (5/5) Depths:5

Altars:
Ashenzari
Cheibriados
Dithmenos
Elyvilon
Fedhas
Gozag
Hepliaklqana
Kikubaaqudgha
Makhleb
Nemelex Xobeh
Okawaru
Qazlal
Ru
Sif Muna
Trog
Uskayaw
Vehumet
Xom
Yredelemnul
Zin
The Shining One
Jiyva

Shops:
D:4 }((=(   D:5 }   D:9 (   D:13 *   D:14 *   Orc:2 (%(*(}   Shoals:3 (
Snake:4 (:}=   Vaults:1 (:   Vaults:2 (([%(   Vaults:4 [%   Depths:4 ?

Portals:
Hell: Depths:1 Depths:2 Depths:4 Depths:5
Abyss: Depths:2 Depths:4
Pandemonium: Depths:4 Depths:5
Ziggurat: Depths:5

Annotations:
Lair:5 exclusion: oklob plant
Shoals:4 Ilsuiw
Elf:2 3 runed doors
Depths:3 2tc's ghost, adept MiGl
Depths:4 exclusions: 2 upstairs and 1 more exclusion
Depths:5 1 exclusion


Innate Abilities, Weirdness & Mutations

You are under a permanent stasis effect.
You can dig through walls and to a lower floor.
Your four strong arms can wield two-handed weapons with a shield.
You have a pair of large antennae on your head. (SInv)


Message History

The bolt of dispelling energy misses you.
The purple draconian breathes dispelling energy at you.
The bolt of dispelling energy hits you!
Your magical effects are unravelling.
* * * LOW HITPOINT WARNING * * *
You feel a little less agile now.
You block the purple draconian's attack.
You feel better. You block the storm dragon's attack. x3
Okay, then.
You block the storm dragon's attack. The storm dragon claws you!
* * * LOW HITPOINT WARNING * * *
The storm dragon closely misses you.
The purple draconian hits you with a broad axe of freezing.
* * * LOW HITPOINT WARNING * * *
The purple draconian freezes you.
* * * LOW HITPOINT WARNING * * *
You hear a distant "Zot"!
The storm dragon breathes lightning at you.
The bolt of lightning misses you. The bolt of lightning hits you!
You die...

.....d...........................
...........................##...#
.....#####))######..)###..###..##
...q..###....## #..## #..# #..#
......##))###.## #..####..# #..#
......)).......# #..#.##..# #..#
§..............###...#.#..# #..#
......#..####..D#...####..# #..#
......##.# #..#@#..#.....# #..#
########.########▓▓▓▓######*####*
#...............* **,,,,,,,,,,,
##.............#* **,,,,,,,,,,,,
#.............# **,,,,,,,,,,,,,
##...........## *,,,,,,,,,,,,,,
#...........# *,,,,,,,,,,{,,,
##...........#* *,,,,,,,,,,,,,,
#.............# *,,,,,,,,,,,,,,


You could see a storm dragon.

Vanquished Creatures
  the Royal Jelly (Slime:5)
  4 orbs of fire (Zot:5)
  A juggernaut (Depths:5)
  7 ancient liches (Zot:5)
  Boris (twice) (Vaults:2 Depths:4)
  A curse toe (Zot:2)
  Bai Suzhen (Shoals:3)
  3 Killer Klowns
  6 golden dragons
  A bone dragon (Depths:5)
  5 electric golems
  18 tentacled monstrosities
  Jorgrun (Depths:2)
  Rupert (Lair:4)
  3 liches
  A titan (Depths:4)
  12 acid blobs
  9 Orb Guardians (Zot:5)
  Gastronok (D:9)
  A sphinx (Vaults:2)
  12 death cobs
  2 tengu reavers
  Kirke (Shoals:3)
  7 shadow dragons
  A tentacled starspawn (Abyss:3)
  Donald (Shoals:3)
  3 azure jellies
  11 draconian monks
  A kraken (Shoals:2)
  13 storm dragons
  Roxanne (Shoals:1)
  12 greater nagas
  3 fire giants
  An iron dragon (Depths:4)
  5 frost giants
  6 vault wardens
  A balrug (Depths:2)
  Aizul (Vaults:2)
  A deep elf sorcerer (Elf:1)
  5 draconian knights
  8 draconian scorchers
  An angel (Depths:5)
  3 ghouls
  7 draconian shifters
  8 draconian zealots
  A war gargoyle (Vaults:4)
  6 very ugly things
  6 draconian annihilators
  2 spriggan defenders (Depths:4)
  3 draconian callers
  10 ironheart preservers
  3 entropy weavers
  13 stone giants
  An ophan (Abyss:3)
  12 green draconians
  3 vampire knights
  6 purple draconians
  10 black draconians
  14 white draconians
  11 mottled draconians
  A deep elf annihilator (Elf:2)
  17 yellow draconians
  5 spark wasps (Depths:4)
  9 red draconians
  4 merfolk javelineers
  6 ettins
  22 fire dragons
  4 merfolk impalers
  A minotaur (Lab)
  3 jiangshi (Depths:4)
  Josephine (Lair:5)
  8 yaktaur captains
  2 death oozes
  8 great orbs of eyes
  19 ice dragons
  3 rakshasas
  A monstrous demonspawn (Depths:5)
  12 hydras
  A deep elf high priest (Depths:4)
  A spriggan air mage (Depths:3)
  Harold (Lair:2)
  19 naga warriors
  A hell beast (Depths:4)
  An anaconda (shapeshifter) (Depths:4)
  8 centaur warriors
  3 satyrs
  A merfolk avatar (Shoals:4)
  19 anacondas
  7 merfolk aquamancers
  3 hell hogs (Abyss:3)
  15 ogre magi
  4 death yaks
  3 vampire magi
  2 death knights
  12 dancing weapons
  3 deep troll shamans
  4 deep troll earth magi
  2 tengu warriors
  19 naga sharpshooters
  5 orc high priests
  7 spriggan berserkers
  18 deep elf knights
  2 sun demons (Depths:2)
  2 thrashing horrors (Abyss:3)
  Nergalle (Lair:4)
  Sonja (Lair:2)
  Urug (D:14)
  8 shock serpents
  A soul eater (Depths:5)
  2 wretched stars (Abyss:3)
  A fire crab (shapeshifter) (Vaults:2)
  14 hell knights
  6 spatial maelstroms (Abyss:3)
  2 salamander mystics
  A spark wasp zombie (D:15)
  18 deep trolls
  5 skeletal warriors
  A flayed ghost (Depths:4)
  5 unseen horrors
  2 giant orange brains
  6 wizards
  2 shadow demons (Abyss:3)
  12 deep elf archers
  7 sea snakes
  6 hill giants
  2 lindwurms (Lair:6)
  12 ironbrand convokers
  8 necromancers
  2 phantasmal warriors
  11 naga ritualists
  14 harpies
  A shadow dragon skeleton (Abyss:3)
  A harpy (shapeshifter) (Depths:1)
  A frost giant zombie (Depths:2)
  20 orc knights
  46 deep elf magi
  50 ugly things
  A cyclops (shapeshifter) (D:12)
  7 manticores
  An oklob plant (Lair:1)
  13 salamanders
  3 wolf spiders
  8 shining eyes
  21 griffons
  4 orc sorcerers
  A stone giant zombie (Depths:2)
  A worldbinder (Abyss:3)
  2 hornets (Vaults:2)
  10 cyclopes
  57 slime creatures
  11 fauns (Shoals:2)
  16 mana vipers
  6 sirens
  16 guardian serpents
  33 moths of wrath
  2 centaur zombies
  A guardian serpent (shapeshifter) (Depths:2)
  5 water nymphs
  22 naga magi
  A rust devil (Depths:4)
  A storm dragon simulacrum (Depths:2)
  A gargoyle (D:13)
  12 spiny frogs
  An orange demon (Depths:5)
  2 spriggan zombies
  6 centaur skeletons
  2 eyes of devastation
  7 vault sentinels
  A smoke demon (Depths:4)
  59 black mambas
  A hellion (Abyss:3)
  6 torpor snails (Lair:6)
  12 rime drakes
  6 freezing wraiths
  10 komodo dragons
  49 yaktaurs
  An ancient zyme (Abyss:3)
  4 red devils
  A hellwing (Abyss:3)
  3 tengu conjurers
  A tormentor (Depths:5)
  6 trolls
  2 wind drakes (Shoals:4)
  A jumping spider (shapeshifter) (Vaults:1)
  18 two-headed ogres
  3 giant leeches (Lair:6)
  Grinder (D:3)
  A tengu simulacrum (Vaults:2)
  20 merfolk
  A blink frog (shapeshifter) (D:14)
  Prince Ribbit (D:7)
  8 raiju (Abyss:3)
  12 blink frogs (Lair:3)
  2 boulder beetles
  5 snapping turtles
  A centaur simulacrum (D:12)
  2 spriggans (shapeshifter)
  A shadow (D:15)
  A redback (shapeshifter) (Depths:2)
  6 redbacks
  2 spriggans
  3 air elementals
  A flying skull (Vaults:2)
  6 wraiths
  A tarantella (shapeshifter) (Abyss:3)
  A vampire (Abyss:3)
  9 starcursed masses (Abyss:3)
  2 tarantellas
  10 wyverns
  36 water elementals
  5 ettin skeletons
  12 basilisks
  2 fire bats (Abyss:3)
  2 hogs (Shoals:3)
  A hog (shapeshifter) (Vaults:1)
  76 yaks
  4 hungry ghosts
  4 steam dragons
  15 hippogriffs
  A golden eye (Slime:5)
  3 chaos spawn
  2 fire elementals (Elf:1)
  2 neqoxecs (Abyss:3)
  11 spatial vortices (Abyss:3)
  3 mottled dragons
  3 vampire mosquitoes (D:12)
  5 wargs
  Edmund (D:4)
  60 nagas
  14 water moccasins
  Duvessa (D:6)
  A giant eyeball (Depths:4)
  8 porcupines
  2 phantoms
  5 ice beasts
  6 sky beasts
  2 swamp drakes (Lair:6)
  6 eyes of draining
  11 wasps
  60 ogres
  2 large abominations (Abyss:3)
  40 orc warriors
  A black bear (D:7)
  16 wolves
  A spriggan simulacrum (Depths:2)
  10 boggarts
  22 crocodiles
  16 centaurs
  A big kobold (D:11)
  A small abomination (Abyss:3)
  2 big kobolds (shapeshifter)
  16 giant frogs
  A wyvern zombie (D:12)
  5 earth elementals
  Dowan (D:6)
  A wyvern skeleton (D:9)
  3 scorpions
  10 killer bees
  6 jellies
  5 howler monkeys
  8 electric eels
  10 crimson imps
  2 giant frog zombies
  A quasit (Depths:5)
  4 hounds
  6 iron imps
  26 orc wizards
  A gnoll shaman (D:7)
  25 orc priests
  Crazy Yiuf (D:6)
  3 giant frog skeletons
  11 iguanas
  A hell rat (shapeshifter) (D:15)
  16 worker ants
  28 sheep
  7 gnolls
  11 adders
  51 river rats
  3 shadow imps
  16 white imps
  2 ufetubi (Depths:5)
  6 oozes
  An adder zombie (D:7)
  2 adder skeletons
  A worm (D:2)
  2 giant geckos
  105 orcs
  10 bats
  5 giant cockroaches
  3 goblins
  3 hobgoblins (D:3)
  10 jackals
  5 quokkas
  A ball python (D:4)
  A giant gecko skeleton (D:4)
  7 giant newts
  9 kobolds
  A quokka zombie (D:8)
  4 rats
  A fire vortex (Depths:4)
  A fungus (Lair:6)
  3 plants
  2 tentacles (Shoals:2)
2349 creatures vanquished.

Vanquished Creatures (collateral kills)
  3 acid blobs (Slime:5)
  A death ooze (Slime:5)
4 creatures vanquished.

Vanquished Creatures (others)
  A salamander mystic (Snake:4)
  A moth of wrath (Zot:5)
  A human (Shoals:3)
  A basilisk (Lair:6)
  A boggart (Depths:4)
  An ogre (Depths:2)
  A small abomination (Abyss:3)
  An orc (D:9)
  6 fungi
  A lurking horror (Abyss:3)
  33 plants
  9 tentacles (Shoals:2)
57 creatures vanquished.

Grand Total: 2410 creatures vanquished

Notes
Turn   | Place    | Note
-------+----------+-------------------------------------------
     0 | D:1      | Arkorax the Formicid Fighter began the quest for the Orb.
     0 | D:1      | Reached XP level 1. HP: 18/18 MP: 1/1
    65 | D:1      | Reached XP level 2. HP: 20/24 MP: 2/2
   583 | D:2      | Found a faded altar of an unknown god.
   703 | D:2      | Reached XP level 3. HP: 22/29 MP: 3/3
   979 | D:2      | Reached XP level 4. HP: 27/37 MP: 4/4
  1876 | D:3      | Reached XP level 5. HP: 38/42 MP: 5/5
  2004 | D:3      | Noticed Grinder
  2026 | D:3      | Killed Grinder
  2026 | D:3      | Reached skill level 5 in Shields
  2026 | D:3      | Reached XP level 6. HP: 6/49 MP: 6/6
  2553 | D:3      | Reached skill level 5 in Axes
  2553 | D:3      | Reached XP level 7. HP: 43/55 MP: 7/7
  2756 | D:4      | Reached skill level 5 in Fighting
  2830 | D:4      | Found Yxtuthri's Weapon Shop.
  2935 | D:4      | Found Noryor's Gadget Emporium.
  2961 | D:4      | Found Sast's Jewellery Emporium.
  3066 | D:4      | Found Wetzipla's Weapon Shop.
  3113 | D:4      | Reached XP level 8. HP: 43/63 MP: 8/8
  3419 | D:4      | Found Roats's Weapon Emporium.
  3471 | D:5      | Entered Level 5 of the Dungeon
  3478 | D:5      | Found Nudy's Quality Used Wands.
  3811 | D:5      | Noticed Edmund
  3864 | D:4      | Killed Edmund
  4263 | D:5      | Reached XP level 9. HP: 71/71 MP: 9/9
  5539 | D:6      | Found a runed door.
  5787 | D:6      | Found a staircase to the Ecumenical Temple.
  5802 | Temple   | Entered the Ecumenical Temple
  5938 | Temple   | Became a worshipper of Cheibriados the Contemplative
  6013 | D:6      | Noticed Dowan
  6014 | D:6      | Noticed Duvessa
  6039 | D:6      | Killed Duvessa
  6049 | D:6      | Killed Dowan
  6293 | D:6      | Reached skill level 1 in Invocations
  6598 | D:6      | Noticed Crazy Yiuf
  6607 | D:6      | Killed Crazy Yiuf
  7046 | D:7      | Reached XP level 10. HP: 67/79 MP: 11/11
  7093 | D:7      | Reached * piety under Cheibriados
  7139 | D:7      | Noticed Prince Ribbit
  7677 | D:7      | Killed Prince Ribbit
  7855 | D:8      | Reached skill level 10 in Axes
  7881 | D:8      | Reached ** piety under Cheibriados
  8316 | D:8      | Gained mutation: You are weak. (Str -2) [potion of mutation]
  8316 | D:8      | Gained mutation: Your magical capacity is low. (-10% MP) [potion of mutation]
  8316 | D:8      | Lost mutation: Your magical capacity is low. (-10% MP) [potion of mutation]
  8353 | D:8      | You are sucked into a shaft!
  8757 | D:9      | Found Zathe's Weapon Emporium.
  8851 | D:9      | Reached *** piety under Cheibriados
  8855 | D:9      | Noticed Gastronok
  8864 | D:9      | Reached XP level 11. HP: 83/87 MP: 14/14
  8867 | D:9      | Reached skill level 10 in Shields
  8927 | D:8      | Reached skill level 5 in Invocations
  9031 | D:8      | Found a staircase to the Lair.
  9407 | D:8      | Found a shadowy altar of Dithmenos.
  9414 | D:8      | Found a white marble altar of Elyvilon.
  9414 | D:8      | Found a hazy altar of Hepliaklqana.
  9415 | D:8      | Found a sparkling altar of Nemelex Xobeh.
  9418 | D:8      | Found a glowing silver altar of Zin.
  9583 | D:9      | Killed Gastronok
 10471 | D:9      | Reached **** piety under Cheibriados
 10500 | D:9      | Noticed a centaur warrior
 10514 | D:9      | Killed a centaur warrior
 10802 | D:10     | Entered Level 10 of the Dungeon
 11088 | D:10     | Found a portal to a secret trove of treasure.
 11343 | D:10     | Reached XP level 12. HP: 89/97 MP: 17/17
 12002 | D:11     | Reached ***** piety under Cheibriados
 12015 | D:11     | Got an encrusted chain mail
 12021 | D:11     | Identified the +9 chain mail of Repulsion {+Inv rElec Int-2 Stlth+} (You found it on level 11 of the Dungeon)
 12166 | D:11     | Noticed an unseen horror
 12174 | D:11     | Killed an unseen horror
 12174 | D:11     | Reached skill level 10 in Fighting
 12237 | D:11     | Found an ancient bone altar of Kikubaaqudgha.
 12361 | D:9      | Bought a +0 bardiche for 135 gold pieces
 12417 | Lair:1   | Entered Level 1 of the Lair of Beasts
 12419 | Lair:1   | Reached skill level 1 in Polearms
 12458 | Lair:1   | Reached skill level 2 in Polearms
 12464 | Lair:1   | Got a scorched sapphire amulet
 12493 | Lair:1   | Identified the amulet "Anifrihi" {Faith rN+} (You found it on level 1 of the Lair of Beasts)
 12623 | Lair:1   | Reached skill level 3 in Polearms
 12756 | Lair:1   | Reached skill level 4 in Polearms
 13386 | Lair:2   | Noticed Harold
 13395 | Lair:2   | Killed Harold
 13395 | Lair:2   | Reached XP level 13. HP: 34/104 MP: 9/19
 13407 | Lair:2   | Reached skill level 5 in Polearms
 13424 | Lair:2   | Found a labyrinth entrance.
 13433 | Lab      | Entered a labyrinth
 13732 | Lab      | Noticed a minotaur
 13739 | Lab      | Killed a minotaur
 13748 | Lab      | Identified the Collected Works on the Mountains
 13752 | Lab      | Identified the Almanac of Beguiling
 13775 | Lab      | Learned a level 6 spell: Freezing Cloud
 13943 | Lair:2   | Noticed Sonja
 13951 | Lair:2   | Killed Sonja
 14339 | Lair:2   | Reached skill level 6 in Polearms
 14418 | Lair:2   | Found a staircase to the Shoals.
 14651 | Lair:3   | Noticed a seven-headed hydra
 14656 | Lair:3   | Killed a seven-headed hydra
 14696 | Lair:3   | Reached skill level 10 in Invocations
 14709 | Lair:3   | Reached ****** piety under Cheibriados
 14729 | Lair:3   | Reached skill level 7 in Polearms
 14930 | Lair:3   | Noticed a seven-headed hydra
 14935 | Lair:3   | Killed a seven-headed hydra
 15004 | Lair:3   | Noticed a five-headed hydra
 15012 | Lair:3   | Killed a five-headed hydra
 15738 | Lair:4   | Noticed a six-headed hydra
 15743 | Lair:4   | Killed a six-headed hydra
 15743 | Lair:4   | Reached skill level 8 in Polearms
 15743 | Lair:4   | Reached XP level 14. HP: 112/114 MP: 21/21
 15746 | Lair:4   | Reached skill level 5 in Armour
 16109 | Lair:4   | Noticed Rupert
 16123 | Lair:4   | Killed Rupert
 16154 | Lair:4   | Noticed Nergalle
 16163 | Lair:4   | Killed Nergalle
 16254 | Lair:4   | Found a staircase to the Snake Pit.
 16650 | Lair:5   | Noticed Josephine
 16662 | Lair:5   | Killed Josephine
 16785 | Lair:5   | Reached skill level 9 in Polearms
 17313 | Lair:5   | Found a viscous altar of Jiyva.
 17313 | Lair:5   | Found a staircase to the Slime Pits.
 17946 | Lair:6   | Entered Level 6 of the Lair of Beasts
 18319 | Lair:6   | Reached XP level 15. HP: 123/123 MP: 22/22
 18896 | Lair:6   | Found a runed door.
 18904 | Lair:6   | Reached skill level 10 in Polearms
 20082 | D:12     | Found a runed door.
 20220 | D:12     | Got an ancient pearl dragon armour
 20226 | D:12     | Identified the cursed +1 pearl dragon armour "Caitoqi" {+Fly rElec rPois rN+ Int-5} (You found it on level 12 of the Dungeon)
 20367 | D:12     | Reached skill level 15 in Shields
 20775 | D:12     | Reached skill level 11 in Polearms
 20893 | D:12     | Found a staircase to the Orcish Mines.
 20900 | D:12     | Reached skill level 1 in Dodging
 21131 | D:13     | Found Gaguagac's Changing Room.
 21174 | D:13     | Reached XP level 16. HP: 120/133 MP: 23/23
 21576 | D:14     | Found a shadowy altar of Dithmenos.
 21731 | D:14     | Noticed Urug
 21744 | D:14     | Killed Urug
 21817 | D:14     | Found Topnias's Assorted Antiques.
 21828 | D:14     | Bought a potion of curing for 78 gold pieces
 22244 | D:14     | Found a gate to the Vaults.
 22462 | D:15     | Entered Level 15 of the Dungeon
 22510 | D:15     | Found a staircase to the Depths.
 22523 | D:15     | Reached skill level 12 in Polearms
 22914 | D:15     | Found a blossoming altar of Fedhas.
 23788 | Orc:1    | Entered Level 1 of the Orcish Mines
 23960 | Orc:2    | Entered Level 2 of the Orcish Mines
 23960 | Orc:2    | Found Cereihec's Antique Weapon Shop.
 24068 | Orc:2    | Found Ippab's Gadget Boutique.
 24190 | Orc:2    | Found a staircase to the Elven Halls.
 24200 | Orc:2    | Found Fidulu's Assorted Antiques.
 24265 | Orc:2    | Bought a potion of heal wounds for 195 gold pieces
 24395 | Orc:2    | Reached skill level 13 in Polearms
 24395 | Orc:2    | Reached skill level 5 in Dodging
 24424 | Orc:2    | Found Piudarra's Food Shop.
 24424 | Orc:2    | Found Ozail's Antique Weapon Shoppe.
 24428 | Orc:2    | Found Founithu's Magic Scroll Shop.
 24428 | Orc:2    | Found Bopser's Weapon Shoppe.
 24876 | Orc:2    | Bought a glowing glaive for 253 gold pieces
 25286 | Snake:1  | Entered Level 1 of the Snake Pit
 26162 | Snake:1  | Reached XP level 17. HP: 140/140 MP: 24/24
 26413 | Snake:1  | Reached skill level 15 in Fighting
 26713 | Snake:2  | Reached skill level 10 in Armour
 27508 | Snake:2  | Reached skill level 14 in Polearms
 29233 | Snake:3  | Reached XP level 18. HP: 137/151 MP: 25/25
 29745 | Snake:4  | Entered Level 4 of the Snake Pit
 29854 | Snake:3  | Reached skill level 15 in Polearms
 30230 | Snake:4  | Found Aschiu's Jewellery Emporium.
 30241 | Snake:4  | Found Bucea's Gadget Emporium.
 30241 | Snake:4  | Found Lueqeuxt's Book Shoppe.
 30619 | Snake:4  | Found Aschuafy's Weapon Shoppe.
 31456 | Snake:4  | Reached XP level 19. HP: 94/159 MP: 26/26
 31466 | Snake:4  | Reached skill level 16 in Polearms
 31970 | Snake:4  | Got a serpentine rune of Zot
 33009 | Vaults:1 | Entered Level 1 of the Vaults
 33728 | Vaults:1 | Found Detrum's Weapon Shoppe.
 33923 | Vaults:1 | Reached skill level 17 in Polearms
 34066 | Vaults:1 | Found Genadik's Book Emporium.
 34140 | Vaults:1 | Reached XP level 20. HP: 157/168 MP: 27/27
 34304 | Vaults:1 | Reached skill level 10 in Dodging
 34451 | Vaults:2 | Noticed a tentacled monstrosity
 34470 | Vaults:2 | Killed a tentacled monstrosity
 34900 | Vaults:2 | Noticed Boris
 34924 | Vaults:2 | Killed Boris
 35066 | Vaults:2 | Found Saicsix's Antique Weapon Emporium.
 35204 | Vaults:2 | Found Teng's Food Emporium.
 35229 | Vaults:2 | Found Atoseqew's Antique Armour Boutique.
 35296 | Vaults:2 | Found Fezoe's Weapon Emporium.
 35435 | Vaults:2 | Found a staircase to the Crypt.
 35502 | Vaults:2 | Found Meelehae's Weapon Shop.
 35522 | Vaults:2 | Identified the Disquisition on Unholy Boosts
 35754 | Vaults:2 | Noticed Aizul
 35766 | Vaults:2 | Killed Aizul
 35774 | Vaults:2 | Reached skill level 18 in Polearms
 36041 | Vaults:2 | Got a fine plate armour
 36052 | Vaults:2 | Identified the +7 plate armour of Minor Irritation {rN+} (You found it on level 2 of the Vaults)
 36189 | Vaults:3 | Reached XP level 21. HP: 168/176 MP: 28/28
 38144 | Vaults:4 | Reached skill level 19 in Polearms
 38954 | Vaults:4 | Found Roudoyn's Antique Armour Shop.
 38954 | Vaults:4 | Found Xaufedgh's Food Shop.
 38997 | Vaults:4 | Found Aceus's Assorted Antiques.
 39524 | Vaults:5 | Entered Level 5 of the Vaults
 39721 | Depths:1 | Entered Level 1 of the Depths
 39831 | Depths:1 | Reached XP level 22. HP: 186/186 MP: 29/29
 40612 | Depths:1 | Found a gateway to Hell.
 41116 | Depths:2 | Reached skill level 15 in Armour
 41515 | Depths:2 | Reached skill level 20 in Polearms
 41574 | Depths:2 | Noticed Jorgrun
 41582 | Depths:2 | Killed Jorgrun
 41867 | Depths:2 | Cast into level 2 of the Abyss (a wizard)
 42079 | Abyss:3  | Got an abyssal rune of Zot
 42143 | Abyss:3  | Gained mutation: You expend magic power (3 MP) to strengthen your wands. [a neqoxec]
 42293 | Abyss:3  | Lost mutation: You are weak. (Str -2) [potion of beneficial mutation]
 42358 | Depths:2 | Escaped the Abyss
 42734 | Depths:2 | Found a one-way gate to the infinite horrors of the Abyss.
 43576 | Depths:3 | Reached XP level 23. HP: 168/194 MP: 30/30
 43583 | Depths:4 | Noticed a golden dragon
 43986 | Depths:4 | Found Usyitapn's Magic Scroll Emporium.
 43994 | Depths:4 | Bought a scroll of magic mapping for 73 gold pieces
 44156 | Depths:4 | Noticed Boris
 44169 | Depths:4 | Killed Boris
 44397 | Depths:4 | Found a one-way gate leading to the halls of Pandemonium.
 44484 | Depths:4 | Reached skill level 21 in Polearms
 45737 | Depths:4 | Identified Yluadaps's Grimoire of Venom and Beguiling
 45879 | Depths:5 | Entered Level 5 of the Depths
 46265 | Depths:5 | Reached XP level 24. HP: 116/204 MP: 30/30
 46525 | Depths:5 | Found a gate to the Realm of Zot.
 46826 | Depths:5 | Found a gateway to a ziggurat.
 47043 | Depths:5 | Found a snail-covered altar of Cheibriados.
 47080 | Depths:5 | Reached skill level 22 in Polearms
 47743 | Shoals:1 | Entered Level 1 of the Shoals
 47977 | Shoals:1 | Noticed Roxanne
 47993 | Shoals:1 | Killed Roxanne
 49331 | Shoals:3 | Noticed Bai Suzhen
 49344 | Shoals:3 | Killed Bai Suzhen
 49355 | Shoals:3 | Noticed Kirke
 49365 | Shoals:3 | Killed Kirke
 49706 | Vaults:2 | Bought a distressingly furry storm dragon armour for 3315 gold pieces
 49718 | Vaults:2 | Identified the +3 storm dragon armour "Jauxeth" {*Drain rElec MR+ rCorr} (You bought it in a shop on level 2 of the Vaults)
 50048 | Shoals:3 | Noticed Donald
 50062 | Shoals:3 | Killed Donald
 50078 | Shoals:3 | Found Mivaaz's Weapon Emporium.
 50102 | Shoals:3 | Noticed Mara
 50103 | Shoals:3 | Noticed Arkorax's illusion
 50160 | Shoals:3 | Noticed Arkorax's illusion
 50167 | Shoals:3 | You are sucked into a shaft!
 50167 | Shoals:4 | Entered Level 4 of the Shoals
 50884 | Shoals:4 | Got a barnacled rune of Zot
 51106 | Shoals:4 | Noticed Ilsuiw
 51443 | Slime:1  | Entered Level 1 of the Pits of Slime
 51446 | Slime:1  | Gained mutation: Your magical capacity is low. (-10% MP) [a shining eye]
 51452 | Slime:1  | Gained mutation: You are partially covered in icy blue scales. (AC +2) [a shining eye]
 51452 | Slime:1  | Gained mutation: Armour fits poorly on your strangely shaped body. [a shining eye]
 51453 | Slime:1  | Gained mutation: Potions and wands are less effective at restoring your health. [a shining eye]
 51455 | Slime:1  | Gained mutation: You are weak. (Str -2) [a shining eye]
 51457 | Slime:1  | Gained mutation: Scrolls take you a little longer to read. [a shining eye]
 51460 | Slime:1  | Gained mutation: You are very weak. (Str -4) [a shining eye]
 51490 | Slime:2  | Reached XP level 25. HP: 174/213 MP: 27/27
 51908 | Slime:3  | Gained mutation: Your mind is acute. (Int +2) [a shining eye]
 51926 | Slime:4  | Gained mutation: You occasionally shout uncontrollably at your foes. [a shining eye]
 51928 | Slime:4  | Lost mutation: Your mind is acute. (Int +2) [a shining eye]
 51932 | Slime:4  | Reached skill level 23 in Polearms
 52773 | Elf:1    | Entered Level 1 of the Elven Halls
 53861 | Elf:2    | Found a runed gate.
 53861 | Elf:2    | Found a runed gate.
 53862 | Elf:2    | Found a runed gate.
 54159 | Elf:3    | Entered Level 3 of the Elven Halls
 55084 | Slime:5  | Entered Level 5 of the Pits of Slime
 55519 | Slime:5  | Gained mutation: Scrolls take you longer to read. [a shining eye]
 55551 | Slime:5  | Gained mutation: Your spells are a little easier to cast, but a little less powerful. [a shining eye]
 55553 | Slime:5  | Gained mutation: You sometimes yell uncontrollably at your foes. [a shining eye]
 55558 | Slime:5  | Noticed the Royal Jelly
 55571 | Slime:5  | Killed the Royal Jelly
 55593 | Slime:5  | Lost mutation: Your magical capacity is low. (-10% MP) [a shining eye]
 55596 | Slime:5  | Gained mutation: Your magical capacity is low. (-10% MP) [a shining eye]
 55622 | Slime:5  | Got a slimy rune of Zot
 56813 | Zot:1    | Entered Level 1 of the Realm of Zot
 56818 | Zot:1    | Reached XP level 26. HP: 224/224 MP: 27/27
 56929 | Zot:1    | Lost mutation: Your spells are a little easier to cast, but a little less powerful. [potion of cure mutation]
 56929 | Zot:1    | Lost mutation: You sometimes yell uncontrollably at your foes. [potion of cure mutation]
 56929 | Zot:1    | Lost mutation: You are very weak. (Str -4) [potion of cure mutation]
 56929 | Zot:1    | Lost mutation: You expend magic power (3 MP) to strengthen your wands. [potion of cure mutation]
 56929 | Zot:1    | Lost mutation: Scrolls take you longer to read. [potion of cure mutation]
 56929 | Zot:1    | Lost mutation: You occasionally shout uncontrollably at your foes. [potion of cure mutation]
 56929 | Zot:1    | Lost mutation: Your magical capacity is low. (-10% MP) [potion of cure mutation]
 56930 | Zot:1    | Lost mutation: Scrolls take you a little longer to read. [potion of cure mutation]
 56930 | Zot:1    | Lost mutation: You are weak. (Str -2) [potion of cure mutation]
 56930 | Zot:1    | Lost mutation: Armour fits poorly on your strangely shaped body. [potion of cure mutation]
 56930 | Zot:1    | Lost mutation: You are partially covered in icy blue scales. (AC +2) [potion of cure mutation]
 57556 | Zot:1    | Reached skill level 24 in Polearms
 58057 | D:13     | Bought a potion of cure mutation for 350 gold pieces
 58057 | D:13     | Lost mutation: Potions and wands are less effective at restoring your health. [potion of cure mutation]
 58367 | D:10     | You showed the slimy rune of Zot to enter a treasure trove
 58368 | Trove    | Entered a treasure trove
 58408 | Trove    | Identified the ring "Olute" {+Fly rPois} (You found it in a treasure trove)
 58620 | Depths:3 | Reached XP level 27. HP: 223/231 MP: 30/30
 60129 | Depths:5 | Noticed a juggernaut
 60135 | Depths:5 | Killed a juggernaut
 60172 | Depths:3 | Noticed 2tc's ghost (adept MiGl)
 60743 | Zot:2    | Reached skill level 25 in Polearms
 64979 | Zot:4    | Reached skill level 26 in Polearms
 65349 | Zot:4    | Identified the +6 scale mail "Aptule" {rC+ MR+ Dex-2} (You found it on level 4 of the Realm of Zot)
 65600 | Zot:5    | Entered Level 5 of the Realm of Zot
 65744 | Zot:5    | Reached skill level 15 in Dodging
 66324 | Zot:5    | Noticed an orb of fire
 66324 | Zot:5    | Noticed an orb of fire
 66330 | Zot:5    | Noticed an ancient lich
 66331 | Zot:5    | Noticed an orb of fire
 66336 | Zot:5    | Killed an orb of fire
 66338 | Zot:5    | Gained mutation: You evolve. [an orb of fire]
 66346 | Zot:5    | Killed an orb of fire
 66353 | Zot:5    | Killed an ancient lich
 66522 | Zot:5    | Noticed an ancient lich
 66528 | Zot:5    | Killed an ancient lich
 66809 | Zot:5    | Noticed an ancient lich
 66813 | Zot:5    | Killed an ancient lich
 67018 | Zot:5    | Reached skill level 27 in Polearms
 67274 | Zot:5    | Noticed an ancient lich
 67279 | Zot:5    | Cast into level 5 of the Abyss (an ancient lich)
 67279 | Abyss:5  | Entered Level 5 of the Abyss
 67279 | Abyss:5  | Found a corrupted altar of Lugonu.
 67284 | Zot:5    | Escaped the Abyss
 67292 | Zot:5    | Killed an ancient lich
 67292 | Zot:5    | Reached skill level 15 in Invocations
 67294 | Zot:5    | Noticed an ancient lich
 67299 | Zot:5    | Killed an ancient lich
 67641 | Zot:5    | Noticed an ancient lich
 67647 | Zot:5    | Killed an ancient lich
 67949 | Zot:5    | Gained mutation: You expend magic power (3 MP) to strengthen your wands. [an orb of fire]
 67957 | Zot:5    | Killed an orb of fire
 67964 | Zot:5    | Noticed an orb of fire
 67971 | Zot:5    | Gained mutation: Armour fits poorly on your strangely shaped body. [an orb of fire]
 67984 | Zot:5    | Killed an orb of fire
 67986 | Zot:5    | Lost mutation: Armour fits poorly on your strangely shaped body. [potion of cure mutation]
 67986 | Zot:5    | Lost mutation: You evolve. [potion of cure mutation]
 67986 | Zot:5    | Lost mutation: You expend magic power (3 MP) to strengthen your wands. [potion of cure mutation]
 68190 | Zot:5    | Noticed an ancient lich
 68194 | Zot:5    | Killed an ancient lich
 68432 | Zot:5    | Killed from afar by a storm dragon

Vault maps used:
D:1:      kennysheep_arrival_seaside, solitary_fountain
D:2:      ecumenical_altar_1, eino_tiny_chamber
D:3:      first_bread, hangedman_decor_opposing, uniq_grinder
D:4:      serial_shops, nicolae_shop_stone, shop, kennysheep_mini, shop_statue,
          shop, grunt_ministairs_15
D:5:      nicolae_for_you_no_charge, uniq_edmund
D:6:      supply_closet_lemuel, uniq_duvessa, uniq_crazy_yiuf_cottage
D:7:      uniq_prince_ribbit1
D:8:      minitemple, minmay_lair_entry_grove
D:9:      serial_shops, nicolae_shop_temple_entry_statues_fountains,
          hangedman_little_slice_of_home, uniq_gastronok
D:10:     nicolae_trove_entry_free_sample, minmay_splitting_lines
D:11:     lemuel_hellish_altar
D:12:     david_orc_4, portal_ice_cave_entry_imps, lightli_airlock
D:13:     nicolae_transmutations_shop
D:14:     david_vaults_4, serial_shops, shop_coins, dk_noncrumbling_2,
          nicolae_dithmenos_shadow_blocks, uniq_urug
D:15:     gammafunk_depths_entry_grave, fedhas_altar_3, minivault_25
Temple:   nicolae_temple_elliptical
Lair:1:   dpeg_oklob_gauntlet, beast_lair_carwin_8
Lair:2:   minmay_shoals_entry_lonely_mermaid, enter_volcano_2,
          lab_entry_generic, beast_lair_carwin_6, uniq_harold, uniq_sonja
Lair:4:   dummy_snake_entry, nicolae_quartered_pool_little, serial_bayou_pond_b,
          grunt_forest_small_clearing_treed, uniq_rupert, uniq_nergalle
Lair:5:   slime_altar_1, special_room, grunt_forest_small_clearings,
          infiniplex_staircase_pool_2, uniq_josephine
Lair:6:   wormcave, guppyfry_lair_end_dragon
Shoals:1: nicolae_shoals_stone_sculpture_thing, uniq_roxanne
Shoals:3: serial_shops, shop, uniq_bai_suzhen, uniq_donald, uniq_kirke,
          uniq_mara
Shoals:4: shoals_end_simple, shoals_ilsuiw_ice
Snake:2:  serial_bayou_shore_a
Snake:3:  nrook_loot_triangle
Snake:4:  grunt_snake_rune_serpentine_throne, minmay_shoptagon
Orc:2:    grunt_orc_tribal_feast, special_room, serial_shops,
          nicolae_shop_stone, nicolae_shop_overgrown_old_shop,
          nicolae_shop_crystal, nicolae_orc_lava_room
Elf:1:    elf_arrival_002, minmay_elf_crystal_hexagon
Elf:3:    minmay_elf_hall_x, serial_shops, shop
Vaults:1: ontoclasm_vaults_decontamination, v_misc_26,
          nicolae_vaults_mini_display_case, v_misc_17, vaults_mumra_lcd,
          v_rooms_5, vaults_dpeg_ring, vaults_room_grunt_arrival_ludios,
          vaults_room_door_ring, v_misc_2, vaults_room_corners,
          vaults_room_hallway, serial_shops,
          nicolae_shop_temple_entry_statues_fountains, nicolae_shop_crystal
Vaults:2: minmay_crypt_entry_simple_box, ontoclasm_vaults_ring_small, v_misc_10,
          ontoclasm_vaults_water_temple, hangedman_vaults_capsules,
          v_alt_pattern_5, v_misc_25, nicolae_vaults_network_quinsquares,
          vaults_mumra_chevron, v_pattern_2, hangedman_vaults_stagger,
          ontoclasm_vaults_gateway, serial_shops,
          nicolae_shop_overgrown_old_shop, shop_coins, shop, shop, shop,
          uniq_boris, uniq_aizul
Vaults:3: v_alt_pattern_4, vaults_dpeg_cross,
          vaults_standard_mumra_enter_the_diamond, ontoclasm_vaults_eye,
          nicolae_vaults_specimen_jars, nicolae_vaults_network_quincunx,
          vaults_dpeg_spiral
Vaults:4: grunt_vaults_hallway_long, hangedman_vaults_hard_town_square,
          v_misc_22, ontoclasm_vaults_idyll, grunt_vaults_hallway_long,
          dpeg_vaults_monster_box, v_misc_24, nicolae_vaults_inception_statues,
          hangedman_vaults_stitches, hangedman_vaults_nails,
          vaults_room_stairs_pillars, v_misc_8, nicolae_vaults_alarming
Vaults:5: serial_shops
Depths:1: minmay_misc_feat_chi, pf_vacation_house_of_asmodeus, serial_bayou,
          serial_bayou_lake_a, serial_bayou_lagoon_b, serial_bayou_crossing,
          serial_bayou_ford_a, minmay_misc_feat_tower
Depths:2: minmay_connected_triangles_in_corner, nrook_uturn, lightli_too_deep,
          abyss_entry, solitary_fountain, minmay_staircase_bubble,
          grunt_megastairs_4, uniq_jorgrun
Depths:3: grunt_runaround, hell_entry, pan_entry
Depths:4: thingy_vault, serial_shops, shop_scrolls,
          infiniplex_staircase_zigzag_1, hell_entry, rand_demon_pan_entry_1,
          abyss_entry_crystal, kennysheep_small_spiral, kennysheep_potato,
          grunt_megastairs_1, uniq_boris
Depths:5: grunt_zot_entry_bicorn, enter_ziggurat_f, hangedman_coc_ice_floe,
          grunt_pan_entry_in_and_out, nicolae_water_bricks, cheibriados_altar_1
Zot:4:    grunt_ministairs_14, st_small_dragon_hoard_1
Abyss:3:  evilmike_abyss_exit_11, evilmike_nicolae_abyss_rune_containment_curve
Abyss:5:  hangedman_abyss_batty_box, evilmike_abyss_exit_6,
          guppyfry_abyss_exit_imp_island
Lab:      nicolae_lab_dead_adventurers, nicolae_lab_statue, nicolae_lab_diamond,
          lab_hedge
Trove:    trove_garden

Skill      XL: |  1  2  3  4  5  6  7  8  9 10 11 12 13 14 15 16 17 18 19 20 21 22 23 24 25 26 27 |
---------------+----------------------------------------------------------------------------------+-----
Shields        | 4 5 6 7 8 9 10 11 13 14 15 | 15.0
Axes           | 3 4 5 6 7 9 10 12 | 12.5
Fighting       | 4 5 6 7 8 9 10 11 13 14 15 16 17 18 19 20 21 22 | 22.9
Invocations    | 2 4 7 9 10 16 | 16.2
Polearms       | 4 8 9 11 13 14 15 17 18 19 20 21 22 23 24 27 | 27.0
Armour         | 4 7 9 11 12 13 14 15 16 17 | 17.4
Dodging        | 2 5 7 8 9 10 11 12 13 16 | 16.4

Action                   |  1- 3 |  4- 6 |  7- 9 | 10-12 | 13-15 | 16-18 | 19-21 | 22-24 | 25-27 || total
-------------------------+-------+-------+-------+-------+-------+-------+-------+-------+-------++-------
Melee: War axe           |    97 |   163 |   324 |   497 |       |       |       |       |       ||  1081
       Dire flail        |       |       |    18 |       |       |       |       |       |       ||    18
       Demon trident     |       |       |       |   164 |  1194 |  1555 |   663 |       |       ||  3576
       Bardiche          |       |       |       |       |    12 |       |       |   287 |  1696 ||  1995
       Glaive            |       |       |       |       |       |       |   822 |  1343 |       ||  2165
Invok: Slouch            |       |       |       |     4 |     2 |     8 |    15 |    30 |    12 ||    71
       Step From Time    |       |       |       |       |       |       |     1 |     2 |     4 ||     7
 Abil: Dig               |       |     2 |       |     5 |     7 |    16 |     1 |    10 |    24 ||    65
       Shaft Self        |       |       |       |     1 |       |       |       |     1 |       ||     2
Evoke: Wand              |       |       |     4 |       |     5 |       |       |     1 |       ||    10
  Use: Potion            |       |     1 |     2 |     8 |     3 |       |     5 |    14 |    24 ||    57
       Scroll            |       |       |       |    21 |    18 |     6 |     3 |     7 |    13 ||    68
 Stab: Paralysed         |       |       |     3 |       |     1 |       |       |       |       ||     4
       Distracted        |       |       |       |     1 |       |       |     1 |     2 |       ||     4
       Invisible         |       |       |       |       |       |       |       |       |     4 ||     4
  Eat: Bread ration      |       |     1 |     2 |     3 |       |     2 |     1 |     3 |     4 ||    16
       Chunk             |       |     1 |     7 |     7 |     5 |       |     3 |     2 |     1 ||    26
       Meat ration       |       |       |       |       |     3 |     3 |     2 |     3 |     3 ||    14
Armor: Scale mail        |    45 |    65 |    94 |       |       |       |       |       |       ||   204
       Chain mail        |       |       |     5 |   193 |   281 |       |       |       |       ||   479
       Skin              |       |       |     2 |       |    13 |       |       |       |       ||    15
       Pearl dragon armo |       |       |       |       |    20 |   188 |    79 |       |       ||   287
       Plate armour      |       |       |       |       |       |       |    89 |   226 |       ||   315
       Storm dragon armo |       |       |       |       |       |       |       |    31 |    49 ||    80
       Fire dragon armou |       |       |       |       |       |       |       |       |   177 ||   177
Dodge: Dodged            |    42 |    53 |    97 |   125 |   176 |   334 |   449 |   418 |   556 ||  2250
Block: Shield            |    61 |    75 |   202 |   370 |   683 |   412 |       |       |       ||  1803
       Large shield      |       |       |       |       |       |   782 |  1385 |  1442 |  1384 ||  4993
